 Dungeon Crawl Stone Soup version 0.29.1-1-gd02db6906a (webtiles) character file.

Game seed: 1962479871706025591

1036 pacmanke6689 the Twirler (level 8, -12/61 (63) HPs)
             Began as a Formicid Fighter on Sept 17, 2022.
             Mangled by an orc warrior
             ... wielding a +0 battleaxe
              (17 damage)
             ... on level 6 of the Dungeon.
             The game lasted 00:13:07 (5238 turns).

pacmanke6689 the Twirler (Formicid Fighter)         Turns: 5238, Time: 00:13:08

HP:   -12/61 (63)   AC: 11    Str: 20    XL:     8   Next: 48%
MP:   8/8           EV: 10    Int:  9    God:
Gold: 154           SH:  0    Dex: 15    Spells: 5/7 levels left

rFire   . . .      SeeInvis +   f - +3 quarterstaff (chaos)
rCold   . . .      Faith    .   c - +0 buckler
rNeg    . . .      Spirit   .   b - +0 scale mail
rPois   .          Reflect  .   (helmet unavailable)
rElec   .          Harm     .   o - +2 cloak {Will+}
rCorr   .          Rampage  .   (no gloves)
Will    +....                   p - +0 pair of boots
Stlth   ..........              (no amulet)
HPRegen 0.20/turn               (no ring)
MPRegen 0.11/turn               (no ring)

@: confused, ambrosia-drunk, lightly drained
A: permanent stasis, dig shafts and tunnels, antennae 3, four strong arms
a: Dig, Shaft Self


You were on level 6 of the Dungeon.
You visited 1 branch of the dungeon, and saw 6 of its levels.
You also visited: Sewer.

You collected 374 gold pieces.
You spent 220 gold pieces at shops.

Inventory:

Hand Weapons
 f - a +3 quarterstaff of chaos (weapon)
Armour
 b - a +0 scale mail (worn)
 c - a +0 buckler (worn)
 o - a +2 cloak of willpower (worn)
 p - a +0 pair of boots (worn)
Jewellery
 h - a ring of flight
 i - an amulet of the acrobat
 n - a ring of protection from cold
Wands
 m - a wand of paralysis (4)
Scrolls
 a - a scroll of enchant weapon
 d - a scroll of identify
 q - a scroll of enchant armour {unknown}
 r - a scroll of summoning {unknown}
 s - a scroll of amnesia
Potions
 e - 5 potions of flight
 g - 4 potions of curing
 k - 2 potions of lignification
 l - 3 potions of brilliance
 t - a potion of cancellation {unknown}


   Skills:
 + Level 5.5 Fighting
 + Level 6.1 Staves
 + Level 5.4 Armour
 + Level 2.8 Dodging
 + Level 1.0 Stealth
 + Level 4.9 Shields
 + Level 0.4 Spellcasting
 + Level 1.1 Summonings


You had 5 spell levels left.
You knew the following spells:

 Your Spells              Type           Power      Damage    Failure   Level
a - Summon Small Mammal   Summ           8%         N/A       63%         1
b - Sandblast             Erth           0%         2d4       77%         1

Your spell library contained the following spells:

 Spells                   Type           Power      Damage    Failure   Level
 Passwall                 Tmut/Erth      0%         N/A       88%         2
 Call Canine Familiar     Summ           2%         N/A       94%         3
 Summon Guardian Golem    Hex/Summ       1%         N/A       97%         3
 Stone Arrow              Conj/Erth      0%         3d7       98%         3


Dungeon Overview and Level Annotations

Branches:
Dungeon (6/15)              Sewer (visited)
 Temple: D:4-7

Altars:
Dithmenos
Qazlal

Shops:
D:5 :


Innate Abilities, Weirdness & Mutations

You cannot be hasted, slowed, berserked, paralysed or teleported.
You can dig through walls and to a lower floor.
You have a pair of large antennae on your head. (SInv)
Your four strong arms can wield two-handed weapons with a shield.


Message History

You kill the orc!
You barely miss the orc warrior.
The orc warrior is heavily wounded.
The orc warrior hits you but does no damage.
You hit the orc warrior.
The orc warrior is heavily wounded.
The orc warrior closely misses you. You block the iguana's attack.
You thump the iguana!
The iguana is poisoned.
The iguana is heavily wounded.
The orc warrior hits you with a +0 battleaxe!
The iguana bites you.
* * * LOW HITPOINT WARNING * * *
You are confused.
You feel invigorated. The orc warrior barely misses you.
The iguana bites you but does no damage.
You hit the orc warrior but do no damage.
You drain the orc warrior.
The orc warrior is severely wounded.
You kill the iguana!
The orc warrior hits you with a +0 battleaxe!
* * * LOW HITPOINT WARNING * * *
You closely miss the orc warrior.
The orc warrior is severely wounded.
The orc warrior closely misses you. The wight closely misses you.
You're too confused to move!
The orc warrior barely misses you. The wight hits you with a +0 falchion.
* * * LOW HITPOINT WARNING * * *
You feel drained.
* * * LOW HITPOINT WARNING * * *
You barely miss the orc warrior.
The orc warrior is severely wounded.
The orc warrior hits you with a +0 battleaxe.
* * * LOW HITPOINT WARNING * * *
The wight hits you with a +0 falchion.
* * * LOW HITPOINT WARNING * * *
You feel drained.
* * * LOW HITPOINT WARNING * * *
The orc warrior attacks as you move away!
The orc warrior hits you with a +0 battleaxe!
You die...

##...)...........##
.....:.......[..<..#
.....>.......)..#.......
..............####......
.>...........## ...##.
....#.####†.## ###.#
.##### #.#.## ... #
#...##### ..
#.$...#..o@.####
.z...{###z#.......
###..{ ###.......
#)..###.......#.
#.......#.......
#...{.<......###
.......#z....## .......
z....# ..##.## ....##


You could see an orc warrior (drained) and a wight.

Vanquished Creatures
  Sigmund (D:5)
  An ice beast (D:5)
  A kobold brigand (Sewer)
  A necrophage (D:4)
  2 scorpions
  A howler monkey (D:4)
  3 hounds
  A jelly (D:6)
  2 orc priests
  Crazy Yiuf (D:5)
  2 iguanas
  6 gnolls
  5 adders
  3 river rats (Sewer)
  A shadow imp (D:3)
  2 ufetubi
  A worm (D:2)
  3 dart slugs
  7 orcs
  6 ball pythons
  7 endoplasms
  3 giant cockroaches
  4 goblins
  9 hobgoblins
  7 jackals
  17 kobolds
  7 bats
  6 frilled lizards
  11 rats
121 creatures vanquished.

Notes
Turn   | Place    | Note
-------+----------+-------------------------------------------
     0 | D:1      | pacmanke6689 the Formicid Fighter began the quest for the
                  | Orb.
     0 | D:1      | Reached XP level 1. HP: 18/18 MP: 1/1
   227 | D:1      | Reached XP level 2. HP: 24/24 MP: 2/2
   572 | D:1      | Reached XP level 3. HP: 30/30 MP: 3/3
  1261 | D:2      | Reached skill level 1 in Dodging
  1272 | D:2      | Reached XP level 4. HP: 15/37 MP: 4/4
  1658 | D:2      | Reached skill level 3 in Staves
  2390 | D:3      | Found a glowing drain.
  2395 | Sewer    | Entered a sewer
  2405 | Sewer    | Reached XP level 5. HP: 42/42 MP: 5/5
  2465 | Sewer    | Noticed a kobold brigand
  2508 | Sewer    | Killed a kobold brigand
  2509 | Sewer    | Reached skill level 4 in Staves
  2509 | Sewer    | Reached XP level 6. HP: 35/48 MP: 6/6
  2603 | Sewer    | Found a white marble altar of Elyvilon.
  3044 | D:3      | Found a faded altar of an unknown god.
  3314 | D:4      | Reached skill level 5 in Staves
  3314 | D:4      | Reached XP level 7. HP: 54/55 MP: 7/7
  3462 | D:4      | Found a shadowy altar of Dithmenos.
  3804 | D:5      | Entered Level 5 of the Dungeon
  3809 | D:5      | Found a stormy altar of Qazlal.
  3827 | D:5      | Noticed Sigmund
  3844 | D:5      | Killed Sigmund
  3854 | D:5      | HP: 1/55 [orc priest/divine providence (13)]
  3870 | D:5      | Reached skill level 5 in Armour
  3902 | D:5      | Reached skill level 5 in Fighting
  3902 | D:5      | Reached XP level 8. HP: 41/62 MP: 8/8
  4171 | D:5      | Found a runed translucent door.
  4172 | D:5      | Noticed Crazy Yiuf
  4186 | D:5      | Killed Crazy Yiuf
  4478 | D:5      | Found Uhuk's Book Shop.
  4486 | D:5      | Bought a book of Callings for 220 gold pieces
  4494 | D:5      | Reached skill level 1 in Stealth
  4497 | D:5      | Learned a level 1 spell: Summon Small Mammal
  4499 | D:5      | Learned a level 1 spell: Sandblast
  5212 | D:6      | Reached skill level 1 in Summonings
  5223 | D:6      | Reached skill level 6 in Staves
  5238 | D:6      | Mangled by an orc warrior

Illustrated notes

Levels and vault maps discovered:
D:1:      onia_arrival_mini_maze, layout_rooms, hangedman_abyss_or_decor_stabs
D:2:      layout_loops_ring
D:3:      layout_basic, portal_sewer_entry_e,
          hellmonk_ecumenical_altar_crossroads
D:4:      layout_rooms, grunt_dithmenos_smoke, kennysheep_generic_room_9
D:5:      layout_rooms, nicolae_qazlal_general_emergency, serial_shops,
          nicolae_shop_advertising_works [nicolae_subvault_shop_adworks],
          uniq_sigmund, uniq_crazy_yiuf_cottage
D:6:      layout_cave_pools, nicolae_overflow_hidden_temple, lightli_minifort,
          uniq_edmund

Skill      XL: |  1  2  3  4  5  6  7  8 |
---------------+-------------------------+-----
Dodging        | 1 2 |  2.8
Staves         | 3 4 5 6 |  6.1
Armour         | 4 5 |  5.4
Fighting       | 4 5 |  5.5
Stealth        | 1 |  1.0
Summonings     | 1 |  1.1
Shields        | |  4.9
Spellcasting   | |  0.4

Action                   |  1- 3 |  4- 6 |  7- 9 || total
-------------------------+-------+-------+-------++-------
Melee: Quarterstaff      |   120 |   149 |   112 ||   381
 Cast: Summon Small Mamm |       |       |     9 ||     9
  Use: Scroll            |       |    11 |     4 ||    15
       Potion            |       |     2 |     8 ||    10
 Stab: Paralysed         |       |       |     3 ||     3
Armor: Scale mail        |    58 |    69 |    44 ||   171
Dodge: Dodged            |    54 |    78 |    67 ||   199
Block: Buckler           |    32 |    37 |    19 ||    88
